AoeStats
← Fs.Black_

African Clearing

504794307Analyzed
4v4 RM · 25d ago on Sep 6, 2026· 49m 25s· 8 players
Game mode
Random Map
Map size
Large (8 player)
Population
200
Speed
Normal
Resources
Standard
Victory
Conquest
Starting age
Dark Age
Ending age
Imperial Age
RankedLock teamsTeams togetherTeam positionsShared explorationLock speedFull tech treeHidden civsTurbo modeCheats
Victory
Defeat
🇧🇷 Koreans · Brazil
1724
+14
🇨🇦 Georgians · Canada
1704
+15
🇧🇷 Berbers · Brazil
1697
+16
🇧🇷 Mapuche · Brazil
1677
+16
1723
-16
🇨🇳 Mongols · China
1705
-16
🇨🇳 Jurchens · China
1677
-15
🇨🇳 Bengalis · China
1643
-14
阿贤倒地了
11:38 Feudal Age
12:14 Double-Bit Axe
13:18 Loom
15:31 Forging
16:23 Scale Barding Armor
17:27 Horse Collar
22:51 Castle Age
21:58 Bloodlines
23:15 Wheelbarrow
23:01 Light Cavalry
25:06 Chain Barding Armor
27:32 Bow Saw
29:47 Hand Cart
30:11 Stone Mining
32:32 Heavy Plow
33:04 Elite Skirmisher
33:41 Town Watch
34:18 Fletching
34:28 Padded Archer Armor
35:14 Ballistics
35:51 Husbandry
36:07 Bodkin Arrow
36:28 Leather Archer Armor
39:44 Imperial Age
40:24 Iron Casting
41:22 Plate Barding Armor
40:55 Elite Steppe Lancer
43:51 Blast Furnace
42:56 Gold Mining
43:41 Stone Shaft Mining
43:51 Conscription
47:10 Coinage
48:24 Two-Man Saw
48:27 Bracer
48:58 Ring Archer Armor
49:29 Chemistry
49:46 Banking
TheZero
11:54 Feudal Age
11:36 Loom
13:14 Double-Bit Axe
15:33 Castle Age
13:52 Forging
16:33 Bow Saw
16:07 Horse Collar
20:45 Scale Barding Armor
27:41 Wheelbarrow
27:54 Iron Casting
30:18 Chain Barding Armor
32:47 Hand Cart
37:36 Imperial Age
35:59 Bloodlines
36:24 Husbandry
38:04 Elite Steppe Lancer
41:29 Blast Furnace
40:52 Light Cavalry
43:36 Heavy Plow
43:36 Fletching
44:31 Conscription
43:34 Hussar
45:23 Heavy Camel Rider
苍天悠悠,何薄于我
9:06 Loom
11:31 Feudal Age
12:03 Town Watch
16:26 Double-Bit Axe
22:51 Fletching
29:35 Castle Age
40:44 Castle Age
40:23 Horse Collar
42:23 Bow Saw
愈演愈裂
12:25 Feudal Age
11:49 Loom
16:25 Castle Age
14:34 Double-Bit Axe
17:58 Town Watch
18:43 Bow Saw
27:37 Wheelbarrow
29:45 Fletching
30:41 Hand Cart
31:28 Bloodlines
31:18 Husbandry
31:59 Bodkin Arrow
34:18 Padded Archer Armor
42:25 Imperial Age
40:49 Ballistics
40:37 Gold Mining
40:41 Stone Mining
40:56 Horse Collar
41:41 Paiks
41:55 Leather Archer Armor
43:26 Conscription
43:34 Scale Mail Armor
43:44 Forging
43:37 Bracer
44:07 Ring Archer Armor
45:07 Chemistry
44:11 Elite Ratha (Ranged)
Fs.BlinkAoE
9:13 Loom
11:32 Feudal Age
12:51 Double-Bit Axe
15:12 Forging
16:00 Scale Barding Armor
21:40 Castle Age
21:35 Bloodlines
22:56 Wheelbarrow
21:43 Light Cavalry
22:25 Husbandry
24:28 Chain Barding Armor
41:43 Imperial Age
40:19 Iron Casting
40:24 Town Watch
41:09 Horse Collar
41:46 Bow Saw
41:58 Svan Towers
43:03 Plate Barding Armor
44:29 Blast Furnace
43:16 Capped Ram
49:53 Fletching
Fs.Neras
11:50 Feudal Age
12:20 Horse Collar
12:27 Double-Bit Axe
13:34 Loom
14:16 Fletching
24:38 Castle Age
26:14 Bodkin Arrow
27:51 Ballistics
40:54 Imperial Age
41:29 Imperial Age
40:38 Bow Saw
40:13 Horse Collar
42:25 Padded Archer Armor
43:37 Chemistry
44:07 Gold Mining
44:18 Heavy Plow
44:46 Elite Bolas Rider
48:03 Malon
49:19 Butalmapu
Fs.Black_
6:46 Loom
12:59 Feudal Age
16:55 Castle Age
15:42 Double-Bit Axe
24:18 Fletching
28:42 Horse Collar
33:00 Bow Saw
33:17 Bodkin Arrow
39:17 Imperial Age
37:37 Wheelbarrow
37:05 Gold Mining
38:14 Padded Archer Armor
39:17 Leather Archer Armor
39:17 Bloodlines
39:08 Husbandry
40:00 Bracer
41:08 Chemistry
41:29 Ring Archer Armor
42:38 Light Cavalry
43:24 Scale Barding Armor
43:30 Forging
42:56 Elite Camel Archer
43:45 Hussar
44:46 Chain Barding Armor
46:28 Iron Casting
48:15 Plate Barding Armor
50:30 Blast Furnace
Fs.Nicolau Mendes
8:05 Loom
14:12 Feudal Age
18:24 Castle Age
16:23 Double-Bit Axe
19:22 Bow Saw
20:01 Fletching
21:01 Bodkin Arrow
20:54 Horse Collar
33:26 Ballistics
36:33 Wheelbarrow
35:48 Town Watch
43:14 Imperial Age
42:05 Hand Cart
41:52 Heavy Plow
43:23 Elite War Wagon
45:14 Chemistry
44:42 Bracer
44:23 Capped Ram
46:37 Conscription
47:49 Eupseong
48:05 Treadmill Crane
48:37 Masonry
49:42 Coinage
49:37 Scale Mail Armor
49:47 Forging
Connection lost

Rejoining the realm…

Still unreachable

The connection could not be restored.

Session expired

The server has moved on; the page needs a fresh start.